 Dungeon Crawl Stone Soup version 0.31.0-11-ge490571c62 (webtiles) character file.

Game seed: 3619816768599435125

39 jasper the Slasher (level 3, -8/29 HPs)
             Began as an Armataur Gladiator on Feb 3, 2024.
             Splashed by a jelly's acid (10 damage)
             ... on level 2 of the Dungeon.
             The game lasted 00:01:44 (883 turns).

jasper the Slasher (Armataur Gladiator)              Turns: 883, Time: 00:01:45

Health: -8/29      AC:  0    Str: 19    XL:     3   Next: 26%
Magic:  3/3        EV: 10    Int:  8    God:
Gold:   73         SH:  0    Dex: 13    Spells: 2/2 levels left

rFire   . . .        a - +0 long sword
rCold   . . .        (no shield)
rNeg    . . .        b - +0 leather armour
rPois   .            (helmet restricted)
rElec   .            (no cloak)
rCorr   .            (no gloves)
SInv    .            (no barding)
Will    +....        (no amulet)
Stlth   +            (no ring)
HPRegen 0.24/turn    (no ring)
MPRegen 0.41/turn

%: roll
@: corroded, enlightened, flying
A: large, deformed body, tough skin 3, armoured tail, roll 1, antennae 2,
MP-powered wands
a: no special abilities


You were on level 2 of the Dungeon.
You visited 1 branch of the dungeon, and saw 2 of its levels.

You collected 73 gold pieces.

Inventory:

Hand Weapons
 a - a +0 long sword (weapon)
 g - a +0 short sword
Missiles
 d - a throwing net (quivered)
 e - a javelin
 h - 18 stones
Armour
 b - a +0 leather armour (worn)
 c - a +0 helmet
Jewellery
 f - a +6 ring of intelligence
 j - a ring of flight
Scrolls
 m - a scroll of enchant weapon {unknown}
Potions
 k - a potion of curing {unknown}
 l - a potion of mutation


   Skills:
 - Level 1.7 Fighting
 + Level 4.0 Long Blades
 - Level 1.7 Throwing
 - Level 2.1 Dodging


You had 2 spell levels left.
You didn't know any spells.
Your spell library was empty.

Dungeon Overview and Level Annotations

Branches:
Dungeon (2/15)

Altars:
Okawaru


Innate Abilities, Weirdness & Mutations

Armour fits poorly on your strangely shaped body.
You have extremely tough skin. (AC +3)
You have a long armoured tail.
You regenerate magic when rolling toward enemies. (Rampage MPRegen)
You have a pair of antennae on your head.
You expend magic power (3 MP) to strengthen your wands.


Message History

The jelly quivers.
You tail-slap the kobold, but do no damage.
The kobold hits you with a +0 short sword.
You slash the kobold!
You kill the kobold!
The jelly hits you but does no damage.
You hit the jelly.
Your hands burn!
The jelly is moderately wounded.
The jelly hits you but does no damage.
You hit the jelly. The acid corrodes you!
Your hands burn!
The jelly is moderately wounded.
The jelly closely misses you.
Okay, then.
Throw: 3 throwing nets
Press: ? - help, Shift-Dir - straight line, f - jelly
Aim: a jelly (moderately wounded, 88% to hit, immune to nets)
You throw a throwing net. The throwing net hits the jelly.
The jelly effortlessly oozes through the net!
The jelly is moderately wounded.
The jelly hits you.
You are splashed with acid!
Throw: 2 throwing nets
Press: ? - help, Shift-Dir - straight line, f/p - jelly
Aim: a jelly (moderately wounded, 88% to hit, immune to nets)
You throw a throwing net. The throwing net hits the jelly.
The jelly effortlessly oozes through the net!
The jelly is moderately wounded.
The jelly hits you. The acid corrodes you!
You are splashed with acid!
* * * LOW HITPOINT WARNING * * *
It was a potion of mutation.
You feel extremely strange. A pair of antennae grows on your head!
Your +0 helmet falls away!
You feel your magical essence link to the dungeon's wands.
The antennae on your head grow some more.
The jelly barely misses you.
It was a potion of enlightenment.
You feel very buoyant.
You fly up into the air.
The jelly hits you.
* * * LOW HITPOINT WARNING * * *
You are splashed with acid!
You die...

..# #.# #.# ##
#.# ..
######.###J#
..........###
#.......K..
#.#J# # #.#@#
#.###.#.#####
###...........#
....<.....#####
##.###.####.#
#.###......#
#..##..###.#
#..##..#
#..##.##


You could see a jelly.

Vanquished Creatures
  6 ball pythons
  4 endoplasms
  A giant cockroach (D:1)
  5 goblins (D:1)
  2 hobgoblins (D:1)
  9 kobolds
  3 quokkas (D:1)
  A bat (D:1)
  3 frilled lizards
  2 rats
36 creatures vanquished.

Notes
Turn   | Place    | Note
-------+----------+-------------------------------------------
     0 | D:1      | jasper the Armataur Gladiator began the quest for the Orb.
     0 | D:1      | Reached XP level 1. HP: 17/17 MP: 1/1
    28 | D:1      | Reached skill level 3 in Long Blades
    73 | D:1      | Reached XP level 2. HP: 24/24 MP: 2/2
   358 | D:1      | Reached XP level 3. HP: 22/29 MP: 3/3
   632 | D:2      | Found an iron altar of Okawaru.
   660 | D:2      | Reached skill level 4 in Long Blades
   882 | D:2      | Gained mutation: You have a pair of small antennae on your
                  | head. [potion of mutation]
   882 | D:2      | Gained mutation: You expend magic power (3 MP) to
                  | strengthen your wands. [potion of mutation]
   882 | D:2      | Gained mutation: You have a pair of antennae on your head.
                  | [potion of mutation]
   883 | D:2      | Splashed by a jelly's acid

Illustrated notes

Levels and vault maps discovered:
D:1:      wander_arrival_lonely_grave, layout_basic, minmay_tripent
D:2:      minmay_chambers_of_twos, layout_loops_ring, basic_altar

Skill      XL: |  1  2  3 |
---------------+----------+-----
Long Blades    | 3 4 |  4.0
Fighting       | |  1.7
Throwing       | |  1.7
Dodging        | |  2.1

Action                     || total
---------------------------++-------
  Melee: Long sword        ||    92
         Tailslap          ||     8
  Throw: Throwing net      ||     2
    Use: Potion            ||     2
         Scroll            ||     1
 Armour: Leather armour    ||    54
  Dodge: Dodged            ||    44
